 Dungeon Crawl Stone Soup version 0.20-a0-454-g2b43fbb (webtiles) character file.

37265 HarleyQuinn the Commander (level 13, -10/96 HPs)
             Began as a Demonspawn Gladiator on Jan 8, 2017.
             Was a High Priest of Okawaru.
             Mangled by Snorg (18 damage)
             ... on level 6 of the Lair of Beasts.
             The game lasted 00:45:10 (19150 turns).

HarleyQuinn the Commander (Demonspawn Gladiator)   Turns: 19150, Time: 00:45:11

Health: -10/96     AC: 33    Str: 23    XL:     13   Next: 57%
Magic:  24/24      EV: 11    Int: 22    God:    Okawaru [*****.]
Gold:   1177       SH:  0    Dex: 16    Spells: 12/12 levels left

rFire  + . .     SeeInvis +       - Unarmed
rCold  . . .     Gourm    .     C - +13 plate armour of Jinax {-Tele Str+4 Int+10}
rNeg   + + .     Faith    +     (no shield)
rPois  +         Spirit   .     m - +1 hat {MR+}
rElec  .         Reflect  .     y - +0 cloak {MR+}
rCorr  .         Harm     .     A - +1 pair of gloves
MR     ++...     NoTele   +     G - +0 pair of boots
Stlth  ..........               n - amulet of faith
                                Z - ring "Jegirch" {*Corrode +Fly rN++ Int+3 SInv}
                                J - ring of poison resistance

@: slowed, very slow
A: yellow scales 1, demonic guardian 1, fire resistance 1, ignite blood, flame
cloud immunity
a: Heroism, Finesse, Renounce Religion, Evoke Flight


You were on level 6 of the Lair of Beasts.
You worshipped Okawaru.
Okawaru was extremely pleased with you.
You were very hungry.

You visited 3 branches of the dungeon, and saw 18 of its levels.

You collected 1177 gold pieces.

Inventory:

Missiles
 c - 3 throwing nets (quivered)
Armour
 m - a +1 hat of magic resistance (worn)
 y - a +0 cloak of magic resistance (worn)
 A - a +1 pair of gloves (worn)
 C - the +13 plate armour of Jinax (worn) {-Tele Str+4 Int+10}
   (Okawaru gifted it to you on level 5 of the Lair of Beasts)

   It affects your strength (+4).
   It affects your intelligence (+10).
   It prevents most forms of teleportation.
 G - a +0 pair of boots (worn)
 I - a +0 chain mail
 P - a +0 buckler
 X - the +2 ring mail of the Lily {Str+4 Int+4}
   (You found it on level 4 of the Lair of Beasts)

   It affects your strength (+4).
   It affects your intelligence (+4).
Jewellery
 e - an uncursed amulet of guardian spirit
 n - an amulet of faith (around neck)
 p - an uncursed ring of protection from fire
 q - an uncursed amulet of rage
 B - an uncursed ring of resist corrosion
 H - an uncursed ring of stealth
 J - a ring of poison resistance (left hand)
 T - an uncursed ring of protection from cold
 Z - the ring "Jegirch" (right hand) {*Corrode +Fly rN++ Int+3 SInv}
   (You found it on level 5 of the Lair of Beasts)

   [ring of see invisible]

   It affects your intelligence (+3).
   It greatly protects you from negative energy.
   It lets you see invisible.
   It lets you fly.
   It may corrode you when you take damage.
Wands
 f - a wand of scattershot (9/9)
 i - a wand of digging (13/24)
 x - a wand of disintegration (6/24)
 L - a wand of flame (25/48)
 R - a wand of flame (21/48)
Scrolls
 a - a scroll of blinking
 b - 2 scrolls of enchant armour
 g - 12 scrolls of teleportation
 o - 4 scrolls of immolation
 t - a scroll of enchant weapon
 w - a scroll of brand weapon
 K - 2 scrolls of fog
 M - a scroll of noise
 S - 6 scrolls of remove curse
 V - a scroll of fear
Potions
 j - 5 potions of flight
 k - 10 potions of curing
 l - a potion of agility
 s - a potion of haste
 u - 2 potions of ambrosia
 v - 6 potions of brilliance
 z - a potion of mutation
 E - 4 potions of magic
 F - 2 potions of lignification
 O - 2 potions of resistance
 Q - a potion of berserk rage
Comestibles
 d - 10 bread rations
 h - a beef jerky
 r - a slice of pizza
 D - 6 fruits
 N - 5 meat rations


   Skills:
 + Level 7.4 Fighting
 - Level 1.7 Throwing
 + Level 6.7 Armour
 + Level 7.4 Dodging
 + Level 14.3 Unarmed Combat
 - Level 15.2 Invocations


You had 12 spell levels left.
You didn't know any spells.

Dungeon Overview and Level Annotations

Branches:
Dungeon (11/15)            Temple (1/1) D:7            Lair (6/6) D:11
  Swamp (0/4) Lair:3       Spider (0/4) Lair:3          Orc (0/2) D:11
  Slime: Lair:5-6

Altars:
Ashenzari
Cheibriados
Dithmenos
Elyvilon
Fedhas
Gozag
Hepliaklqana
Kikubaaqudgha
Makhleb
Nemelex Xobeh
Okawaru
Qazlal
Ru
Sif Muna
Trog
Uskayaw
Vehumet
Xom
Yredelemnul
Zin
The Shining One

Shops:
D:7 *

Annotations:
D:9 2 exclusions
Lair:6 Snorg


Innate Abilities, Weirdness & Mutations

You are partially covered in yellow scales. (AC +2)
A weak demonic guardian rushes to your aid.
Your flesh is heat resistant. (rF+)
Your demonic aura causes spilled blood to erupt in flames.
You are immune to clouds of flame.


Message History

Your plate armour of Jinax prevents you from hitting Snorg.
Snorg is moderately wounded.
Snorg is engulfed in roaring flames.
Snorg bites you but does no damage. Snorg claws you.
* * * LOW HITPOINT WARNING * * *
Snorg claws you.
* * * LOW HITPOINT WARNING * * *
The wraith is engulfed in roaring flames.
You destroy the wraith!
Okawaru accepts your kill.
Snorg is engulfed in roaring flames.
Snorg bites you but does no damage. Snorg claws you but does no damage.
Snorg claws you.
* * * LOW HITPOINT WARNING * * *
You barely miss Snorg.
Snorg is heavily wounded.
Snorg is engulfed in roaring flames.
Snorg closely misses you. Snorg claws you!
* * * LOW HITPOINT WARNING * * *
Snorg claws you but does no damage. The wraith hits you but does no damage.
Snorg is engulfed in roaring flames.
Snorg bites you!!
You die...

............#
............#
.............###
.$..............
................
.................
........WT§......
........5@.....#
.....?..§.....##
...............#
...............##
...............P#.P.
P#.##.......P......
# ###....PP##....
##..................
#...................


You could see Snorg (berserk), a wraith and a friendly quasit.

Vanquished Creatures
  Josephine (Lair:6)
  5 hydras
  A two-headed ogre (D:8)
  Urug (D:11)
  Nergalle (Lair:2)
  An unseen horror (D:10)
  Pikel (D:4)
  2 cyclopes
  Maurice (D:8)
  3 black mambas
  Psyche (D:9)
  10 spiny frogs
  A kobold demonologist (D:8)
  6 rime drakes
  5 komodo dragons
  2 jumping spiders (Lair:3)
  A polar bear (Lair:5)
  11 blink frogs
  7 hippogriffs
  2 redbacks (Lair:3)
  4 basilisks
  44 yaks
  4 wraiths (Lair:6)
  The ghost of DevlanMud the Slasher, an amateur BaBe of Trog (D:6)
  The ghost of towersofbeng the Skirmisher, an amateur DsWn (D:3)
  A hungry ghost (D:8)
  11 water moccasins
  Edmund (D:5)
  Duvessa (D:7)
  13 porcupines
  3 phantoms
  4 sky beasts
  3 orc warriors
  6 ice beasts
  2 slaves (D:4)
  3 black bears
  3 ogres
  8 wolves
  10 crocodiles
  4 centaurs
  2 big kobolds (D:7)
  12 bullfrogs
  A wyvern zombie (D:6)
  2 scorpions
  9 killer bees
  4 howler monkeys
  7 wights
  An electric eel (Lair:3)
  3 bullfrog zombies
  3 crimson imps
  3 centaur zombies
  5 hounds
  6 orc priests
  A bullfrog skeleton (D:11)
  2 centaur skeletons
  5 orc wizards
  7 iguanas
  9 worker ants
  2 hound skeletons
  A hound zombie (D:5)
  A howler monkey zombie (D:8)
  A worker ant zombie (D:5)
  11 adders
  An ooze (D:2)
  3 adder skeletons
  3 worms
  A dart slug (D:1)
  4 leopard geckos
  29 orcs
  7 giant cockroaches
  12 goblins
  5 hobgoblins
  13 jackals
  2 quokkas
  A ball python (D:3)
  7 bats (D:1)
  10 frilled lizards
  11 kobolds
  2 leopard gecko zombies (D:7)
  A quokka skeleton (D:7)
  8 rats
  2 fungi (Lair:3)
  2 plants
412 creatures vanquished.

Vanquished Creatures (collateral kills)
  2 spiny frogs
  2 blink frogs
  A wraith (D:11)
  An orc warrior (D:9)
  Dowan (D:7)
  2 killer bees
  3 orcs
  A kobold (D:7)
13 creatures vanquished.

Vanquished Creatures (others)
  3 fungi (Lair:5)
  A plant (Lair:3)
4 creatures vanquished.

Grand Total: 429 creatures vanquished

Notes
Turn   | Place    | Note
-------+----------+-------------------------------------------
     0 | D:1      | HarleyQuinn the Demonspawn Gladiator began the quest for the Orb.
     0 | D:1      | Reached XP level 1. HP: 16/16 MP: 1/1
   655 | D:1      | Gained mutation: Your flesh is heat resistant. (rF+) [demonic ancestry]
   655 | D:1      | Reached XP level 2. HP: 18/22 MP: 2/2
  1475 | D:1      | Reached XP level 3. HP: 27/27 MP: 3/3
  1965 | D:2      | Found a shadowy altar of Dithmenos.
  2506 | D:3      | Noticed towersofbeng's ghost (amateur DsWn)
  2530 | D:3      | Killed towersofbeng's ghost
  2530 | D:3      | Reached skill level 5 in Unarmed Combat
  2530 | D:3      | Reached XP level 4. HP: 31/33 MP: 4/4
  2530 | D:3      | Gained mutation: You are partially covered in yellow scales. (AC +2) [demonic ancestry]
  2530 | D:3      | Reached XP level 5. HP: 37/38 MP: 5/5
  2652 | D:3      | You fall through a shaft for 3 floors!
  2674 | D:6      | Noticed a phantom
  2680 | D:5      | Entered Level 5 of the Dungeon
  2996 | D:4      | Gained mutation: You are immune to clouds of flame. [demonic ancestry]
  2996 | D:4      | Reached XP level 6. HP: 44/44 MP: 6/6
  3931 | D:4      | Noticed a slave
  3932 | D:4      | Noticed Pikel
  3932 | D:4      | Noticed a slave
  3932 | D:4      | Noticed a slave
  3933 | D:4      | Noticed a slave
  3959 | D:4      | Killed a slave
  3963 | D:4      | Killed a slave
  3978 | D:4      | Killed Pikel
  3978 | D:4      | Reached XP level 7. HP: 30/50 MP: 7/7
  4183 | D:4      | Reached skill level 1 in Armour
  4323 | D:4      | Gained mutation: Your demonic aura causes spilled blood to erupt in flames. [demonic ancestry]
  4323 | D:4      | Reached XP level 8. HP: 57/57 MP: 8/8
  5135 | D:5      | Noticed Edmund
  5143 | D:5      | Killed Edmund
  5350 | D:5      | Found an ancient bone altar of Kikubaaqudgha.
  5658 | D:6      | Noticed DevlanMud's ghost (amateur BaBe)
  5671 | D:6      | Killed DevlanMud's ghost
  6642 | D:6      | Found a snail-covered altar of Cheibriados.
  6931 | D:6      | Gained mutation: A weak demonic guardian rushes to your aid. [demonic ancestry]
  6931 | D:6      | Reached XP level 9. HP: 66/66 MP: 9/9
  7642 | D:7      | Reached skill level 5 in Fighting
  7647 | D:7      | Reached skill level 5 in Dodging
  8177 | D:7      | Found Zin's Purification Station.
  8177 | D:7      | Found a glowing silver altar of Zin.
  8181 | D:7      | Found a staircase to the Ecumenical Temple.
  8188 | D:7      | Noticed a cyclops
  8201 | D:7      | Killed a cyclops
  8219 | Temple   | Entered the Ecumenical Temple
  8307 | Temple   | Became a worshipper of Warmaster Okawaru
  8619 | D:7      | Reached skill level 2 in Invocations
  8706 | D:7      | Noticed Duvessa
  8709 | D:7      | Noticed Dowan
  8714 | D:7      | Killed Duvessa
  8714 | D:7      | Reached skill level 3 in Invocations
  8724 | D:7      | Killed Dowan
  8724 | D:7      | Reached skill level 4 in Invocations
  8844 | D:8      | Noticed Maurice
  8850 | D:8      | Killed Maurice
  8850 | D:8      | Reached * piety under Okawaru
  8850 | D:8      | Reached skill level 6 in Invocations
  8850 | D:8      | Reached XP level 10. HP: 75/75 MP: 12/14
  8946 | D:8      | Reached skill level 10 in Unarmed Combat
  8995 | D:8      | Found a burning altar of Makhleb.
  9069 | D:8      | Reached ** piety under Okawaru
  9225 | D:8      | Noticed a two-headed ogre
  9233 | D:8      | Killed a two-headed ogre
  9305 | D:8      | Reached *** piety under Okawaru
  9924 | D:9      | Found a shimmering altar of Xom.
  9925 | D:9      | Found a burning altar of Makhleb.
 10101 | D:9      | Found a burning altar of Makhleb.
 10101 | D:9      | Noticed a cacodemon
 10104 | D:9      | Noticed an orange demon
 10104 | D:9      | Noticed a smoke demon
 10274 | D:9      | Reached XP level 11. HP: 65/80 MP: 15/15
 10435 | D:9      | Noticed Psyche
 10444 | D:9      | Killed Psyche
 10647 | D:10     | Entered Level 10 of the Dungeon
 10771 | D:10     | Killed an unseen horror
 10771 | D:10     | Received a gift from Okawaru
 11942 | D:11     | Found a staircase to the Orcish Mines.
 12062 | D:11     | Noticed Urug
 12079 | D:11     | Killed Urug
 12079 | D:11     | Reached **** piety under Okawaru
 12516 | D:11     | Found a staircase to the Lair.
 12870 | Lair:1   | Entered Level 1 of the Lair of Beasts
 12873 | Lair:1   | Reached ***** piety under Okawaru
 12928 | Lair:1   | Received a gift from Okawaru
 12950 | Lair:1   | Reached skill level 7 in Invocations
 13393 | Lair:1   | Reached skill level 8 in Invocations
 13562 | Lair:1   | Reached skill level 9 in Invocations
 13586 | Lair:1   | Noticed a six-headed hydra
 13590 | Lair:1   | Reached skill level 10 in Invocations
 13595 | Lair:1   | Killed a six-headed hydra
 13816 | Lair:1   | Reached skill level 11 in Invocations
 14131 | Lair:2   | Reached XP level 12. HP: 76/86 MP: 17/20
 14300 | Lair:2   | Noticed a seven-headed hydra
 14305 | Lair:2   | Killed a seven-headed hydra
 14305 | Lair:2   | Reached skill level 12 in Invocations
 14492 | Lair:2   | Noticed Nergalle
 14500 | Lair:2   | Killed Nergalle
 14601 | Lair:2   | Reached skill level 13 in Invocations
 14759 | Lair:2   | Received a gift from Okawaru
 14762 | Lair:2   | Reached skill level 14 in Invocations
 15215 | Lair:3   | Found a hole to the Spider Nest.
 15250 | Lair:3   | Reached skill level 15 in Invocations
 15657 | Lair:3   | Found a shimmering altar of Xom.
 15721 | Lair:3   | Noticed a five-headed hydra
 15734 | Lair:3   | Killed a five-headed hydra
 15734 | Lair:3   | Reached skill level 5 in Armour
 15990 | Lair:3   | Found a staircase to the Swamp.
 16306 | Lair:3   | Reached XP level 13. HP: 74/93 MP: 24/24
 16869 | Lair:4   | Got a slimy ring mail
 16880 | Lair:4   | Identified the +2 ring mail of the Lily {Str+4 Int+4} (You found it on level 4 of the Lair of Beasts)
 16924 | Lair:4   | Received a gift from Okawaru
 17560 | Lair:5   | Got a smoking silver ring
 17569 | Lair:5   | Identified the ring "Jegirch" {*Corrode +Fly rN++ Int+3 SInv} (You found it on level 5 of the Lair of Beasts)
 18303 | Lair:5   | Received a gift from Okawaru
 18310 | Lair:5   | Got a heavily runed plate armour {god gift}
 18321 | Lair:5   | Identified the +13 plate armour of Jinax {-Tele Str+4 Int+10} (Okawaru gifted it to you on level 5 of the Lair of Beasts)
 18859 | Lair:6   | Entered Level 6 of the Lair of Beasts
 19134 | Lair:6   | Noticed Josephine
 19136 | Lair:6   | Noticed Snorg
 19139 | Lair:6   | Killed Josephine
 19150 | Lair:6   | Mangled by Snorg

Vault maps used:
D:1:      minmay_arrival_glassed_features, minmay_misc_feat_ornament
D:2:      nicolae_dithmenos_shadow_blocks
D:4:      uniq_pikel
D:5:      lemuel_crystal_altar, first_bread, uniq_edmund
D:6:      lemuel_crystal_altar
D:7:      zin_purify, uniq_duvessa
D:8:      minmay_curly_fans, basic_altar, uniq_maurice
D:9:      cheibrodos_frozen_isle, grunt_temple_overflow_champion_of_chaos,
          makhleb_altar_promises_db, uniq_psyche
D:11:     lair_entry_dummy, david_orc_2, uniq_urug
Temple:   regret_index_temple_generic_petals
Lair:1:   beast_lair_carwin_10, grunt_megastairs_1
Lair:2:   uniq_nergalle
Lair:3:   swamp_mist_pool, spider_nest_entry_a, basic_altar,
          serial_bayou_pond_d, serial_bayou_pond_e
Lair:4:   grunt_megastairs_2
Lair:5:   serial_bayou_shore_b
Lair:6:   grunt_lair_end_beastmaster, slime_altar_1, minmay_lair_oklob_chamber,
          uniq_snorg, uniq_josephine

Skill      XL: |  1  2  3  4  5  6  7  8  9 10 11 12 13 |
---------------+----------------------------------------+-----
Unarmed Combat | 3 5 6 8 9 12 13 14 | 14.3
Armour         | 1 3 4 5 6 |  6.7
Dodging        | 3 4 5 6 7 |  7.4
Fighting       | 4 5 6 7 |  7.4
Invocations    | 6 11 15 | 15.2
Throwing       | |  1.7

Action                   |  1- 3 |  4- 6 |  7- 9 | 10-12 | 13-15 || total
-------------------------+-------+-------+-------+-------+-------++-------
Melee: Unarmed           |   214 |   158 |   324 |   578 |   175 ||  1449
       Punch             |     4 |     2 |    15 |    40 |    18 ||    79
Invok: Heroism           |       |       |       |    36 |     9 ||    45
       Finesse           |       |       |       |     1 |     1 ||     2
 Abil: Evoke Berserk Rag |     1 |     4 |    12 |     7 |       ||    24
  Use: Scroll            |       |       |     1 |    25 |     4 ||    30
       Potion            |       |       |       |     3 |       ||     3
 Stab: Distracted        |       |       |     1 |     4 |     2 ||     7
       Sleeping          |       |       |       |       |     1 ||     1
  Eat: Chunk             |     5 |     9 |    18 |    26 |     6 ||    64
       Royal jelly       |       |       |     1 |     1 |     1 ||     3
       Pizza             |       |       |     2 |       |       ||     2
       Meat ration       |       |       |     1 |       |       ||     1
       Fruit             |       |       |     1 |       |       ||     1
       Beef jerky        |       |       |       |     1 |       ||     1
Armor: Leather armour    |    34 |       |       |       |       ||    34
       Plate armour      |    54 |   122 |    72 |       |    37 ||   285
       Chain mail        |       |       |   143 |   288 |    16 ||   447
       Ring mail         |       |       |       |       |    25 ||    25
Dodge: Dodged            |   109 |    30 |   134 |   284 |    85 ||   642
